 Dungeon Crawl Stone Soup version 0.21.1-1-g345015f (webtiles) character file.

318 Hebeh the Chopper (level 6, -1/57 HPs)
             Began as a Deep Dwarf Fighter on June 22, 2018.
             Slain by a killer bee zombie (4 damage)
             ... on level 4 of the Dungeon.
             The game lasted 00:13:54 (2219 turns).

Hebeh the Chopper (Deep Dwarf Fighter)              Turns: 2219, Time: 00:13:55

Health: -1/57      AC:  7    Str: 21    XL:     6   Next: 21%
Magic:  4/4        EV:  7    Int:  9    God:
Gold:   288        SH: 11    Dex: 12    Spells: 5/5 levels left

rFire    . . .     SeeInvis .   h - -3 short sword (curse)
rCold    . . .     Gourm    .   c - +1 shield
rNeg     . . .     Faith    .   b - +0 scale mail
rPois    .         Spirit   .   (no helmet)
rElec    .         Reflect  .   (no cloak)
rCorr    .         Harm     .   (no gloves)
MR       .....                  (no boots)
Stlth    ..........             (no amulet)
HPRegen  0.00/turn              (no ring)
MPRegen  0.09/turn              (no ring)

@: non-regenerating
A: damage resistance, heal wounds, sense surroundings 1, no regeneration
a: Heal Wounds


You were on level 4 of the Dungeon.
You were not hungry.

You visited 1 branch of the dungeon, and saw 4 of its levels.

You collected 288 gold pieces.

Inventory:

Hand Weapons
 a - a +0 war axe
 h - a cursed -3 short sword (weapon)
 s - a +2 flail of protection
Armour
 b - a +0 scale mail (worn)
 c - a +1 shield (worn)
Scrolls
 e - a scroll of enchant armour
 i - a scroll of fog
Potions
 d - a potion of might
 l - 2 potions of berserk rage
 n - a potion of flight
 p - a potion of invisibility
Comestibles
 f - 6 rations
 g - 3 chunks of flesh


   Skills:
 + Level 3.7 Fighting
 * Level 4.9 Axes
 + Level 4.5 Armour
 + Level 4.4 Shields


You had 5 spell levels left.
You didn't know any spells.

Dungeon Overview and Level Annotations

Branches:
Dungeon (4/15)
 Temple: D:4-7

Altars:
Cheibriados
Gozag
Wu Jian
Yredelemnul
Zin

Portals:
Ossuary: D:4

Annotations:
D:3 1 runed door


Innate Abilities, Weirdness & Mutations

You are resistant to damage.
You can heal yourself by infusing magical energy.
You passively map a small area around you.
You do not regenerate.


Message History

You block the killer bee zombie's attack.
You closely miss the killer bee zombie.
The killer bee zombie is severely damaged.
You block the killer bee zombie's attack. x2
You hit the killer bee zombie.
The killer bee zombie is almost destroyed.
The killer bee zombie hits you but does no damage. x2
You barely miss the killer bee zombie.
The killer bee zombie is almost destroyed.
The killer bee zombie hits you but does no damage. x2
You closely miss the killer bee zombie.
The killer bee zombie is almost destroyed.
The killer bee zombie hits you.
* * * LOW HITPOINT WARNING * * *
You block the killer bee zombie's attack.
You hit the killer bee zombie but do no damage.
The killer bee zombie is almost destroyed.
You block the killer bee zombie's attack.
The killer bee zombie hits you.
You die...

##### ....#### #.....##
##...?..# ######
##.._8_..# #....#
.(.......##########.##.#
, #...Z@................
......#.##########...#.#
..##. #..,,#.........#..
$. ..#.,#.###.....### ,
?#* ...#..#.#.......#..
∩ , >...........).......
, ..$#....#.#.#.......#
**#....?. #...<#.....##
*, *###.##.##...#


You could see a killer bee zombie.

Vanquished Creatures
  Blork the orc (D:4)
  An orc wizard (D:3)
  Jessica (D:2)
  2 worker ants (D:4)
  6 adders
  An ooze (D:1)
  3 worms (D:2)
  3 dart slugs
  3 leopard geckos
  4 orcs (D:3)
  4 giant cockroaches
  11 goblins
  8 hobgoblins
  6 jackals
  A quokka (D:3)
  7 bats
  4 frilled lizards
  4 kobolds
  A quokka skeleton (D:4)
  4 rats
75 creatures vanquished.

Notes
Turn   | Place    | Note
-------+----------+-------------------------------------------
     0 | D:1      | Hebeh the Deep Dwarf Fighter began the quest for the Orb.
     0 | D:1      | Reached XP level 1. HP: 20/20 MP: 1/1
     6 | D:1      | Noticed a seven-headed hydra
     7 | D:1      | Noticed an anaconda
   119 | D:1      | Reached XP level 2. HP: 25/27 MP: 2/2
   447 | D:1      | You fall through a shaft!
   453 | D:2      | Reached XP level 3. HP: 27/34 MP: 3/3
   560 | D:2      | Noticed Jessica
   589 | D:2      | Killed Jessica
   589 | D:2      | Reached XP level 4. HP: 38/42 MP: 4/4
  1095 | D:3      | Found a snail-covered altar of Cheibriados.
  1098 | D:3      | Found an opulent altar of Gozag.
  1125 | D:3      | Found an ornate altar of the Wu Jian Council.
  1159 | D:3      | Found a glowing silver altar of Zin.
  1159 | D:3      | Found a runed door.
  1159 | D:3      | Noticed an angel
  1276 | D:3      | Reached XP level 5. HP: 27/49 MP: 4/4
  1919 | D:4      | Noticed Blork the orc
  1929 | D:4      | Killed Blork the orc
  1986 | D:4      | Reached XP level 6. HP: 26/57 MP: 4/4
  2195 | D:4      | Found a basalt altar of Yredelemnul.
  2195 | D:4      | Found a glowing silver altar of Zin.
  2199 | D:4      | Found a sand-covered staircase.
  2219 | D:4      | Slain by a killer bee zombie

Skill      XL: |  1  2  3  4 |
---------------+-------------+-----
Fighting       | 3 |  3.7
Axes           | 3 4 |  4.9
Armour         | 4 |  4.5
Shields        | 4 |  4.4

Action                   |  1- 3 |  4- 6 || total
-------------------------+-------+-------++-------
Melee: War axe           |    94 |   182 ||   276
       Short sword       |       |   104 ||   104
 Abil: Heal Wounds       |     1 |     4 ||     5
  Use: Scroll            |       |    12 ||    12
  Eat: Chunk             |       |     5 ||     5
Armor: Scale mail        |    42 |   107 ||   149
Dodge: Dodged            |    29 |    76 ||   105
Block: Shield            |    46 |   171 ||   217
